[Event "Team 45 45 League T53"]
[Site "Internet Chess Club"]
[Date "2012.05.20"]
[Round "1"]
[White "ILRE"]
[Black "jotap"]
[Result "0-1"]
[WhiteElo "1637"]
[BlackElo "1659"]
[Opening "English: four knights, kingside fianchetto"]
[ECO "A29"]
[Time "15:00:35"]
[TimeControl "2700+45"]

1. c4 e5 2. Nc3 Nf6 3. Nf3 Nc6 4. g3 Bc5 5. Bg2 O-O 6. O-O d6 7. d3 Be6 8. a3 a6
9. b4 Ba7 10. Bb2 Qc8 11. e3 Bh3 12. Rc1 Bxg2 13. Kxg2 Ne7 14. Qc2 Nf5 15. Nd5
Nxd5 16. cxd5 Bxe3 17. Rce1 Ba7 18. Rd1 Qd7 19. d4 exd4 20. Nxd4 Nxd4 21. Bxd4
Bxd4 22. Rxd4 Rfe8 23. Rc1 Rac8 24. Rc4 Re7 25. h3 Qb5 26. Rh4 Qxd5+ 27. Kh2 g6
28. Rd1 Qe5 29. Rd2 c6 30. Qc4 Rce8 31. Rh6 Qg5 32. Rxh7 Qxd2 {White resigns}
0-1

[Event "Team 45 45 League T53"]
[Site "Internet Chess Club"]
[Date "2012.05.19"]
[Round "1"]
[White "alonzob"]
[Black "Helaman"]
[Result "0-1"]
[WhiteElo "1448"]
[BlackElo "1587"]
[Opening "Ruy Lopez: Anderssen variation"]
[ECO "C77"]
[Time "14:00:33"]
[TimeControl "2700+45"]

1. e4 e5 2. Nf3 Nc6 3. Bb5 a6 4. Ba4 Nf6 5. d3 b5 6. Bb3 Be7 7. O-O d6 8. Na3
O-O 9. c3 Na5 10. Bc2 c5 11. b4 cxb4 12. cxb4 Nc6 13. Bb2 Nxb4 14. Bb3 Be6 15.
Bxe6 fxe6 16. Bc3 Nc6 17. Nc2 Rc8 18. Nb4 Nxb4 19. Bxb4 Qd7 20. Qb3 Nh5 21. a4
Rxf3 22. gxf3 Nf4 23. Bd2 Ne2+ 24. Kh1 Rf8 25. Qd1 Nd4 26. Rg1 Nxf3 27. Rg2 Nh4
28. Qg4 Nxg2 29. Qxg2 bxa4 30. Rg1 Bh4 31. Bh6 Rf6 32. Be3 Rg6 33. Qf1 Rxg1+ 34.
Qxg1 {White resigns} 0-1

[Event "Team 45 45 League T53"]
[Site "Internet Chess Club"]
[Date "2012.05.17"]
[Round "1"]
[White "BrandonBee"]
[Black "cap05red"]
[Result "1-0"]
[WhiteElo "1580"]
[BlackElo "1546"]
[Opening "Alekhine's defense: Scandinavian variation"]
[ECO "B02"]
[Time "10:00:26"]
[TimeControl "2700+45"]

1. e4 Nf6 2. Nc3 d5 3. exd5 Nxd5 4. Bc4 Nxc3 5. bxc3 c5 6. d3 e6 7. Nf3 Nc6 8.
a3 Be7 9. O-O O-O 10. Re1 Bf6 11. Bb2 Qa5 12. d4 b5 13. Bd3 Rb8 14. Ne5 Bxe5 15.
dxe5 Qc7 16. f4 f6 17. Qh5 g6 18. Qe2 c4 19. Be4 fxe5 20. Bxc6 Qxc6 21. Qxe5 Bb7
22. Re2 Rf5 23. Qxb8+ Kg7 24. Rf1 Qb6+ 25. Rff2 Rd5 26. h3 Rd1+ 27. Kh2 Rh1+ 28.
Kg3 Rxh3+ 29. gxh3 h5 30. Qe5+ Kh7 31. Qxe6 h4+ 32. Kxh4 Bc6 33. Qe7+ Kh6 34.
Qf8+ {Black resigns} 1-0

[Event "Team 45 45 League T53"]
[Site "Internet Chess Club"]
[Date "2012.05.19"]
[Round "1"]
[White "AVEMARIA"]
[Black "LittleButton"]
[Result "1-0"]
[WhiteElo "1675"]
[BlackElo "1653"]
[Opening "Sicilian: Alapin's variation (2.c3)"]
[ECO "B22"]
[Time "06:00:52"]
[TimeControl "2700+45"]

1. e4 c5 2. c3 Nf6 3. e5 Nd5 4. Nf3 e6 5. Bc4 Nb6 6. Bb3 c4 7. Bc2 Nc6 8. O-O g6
9. b3 Bg7 10. Re1 O-O 11. Qe2 d5 12. exd6 cxb3 13. axb3 Qxd6 14. Ba3 Qd8 15.
Bxf8 Qxf8 16. d4 Nd5 17. Be4 Nce7 18. Ne5 Qd8 19. Qb2 Qc7 20. c4 Nb4 21. Na3 f5
22. Nb5 Qb6 23. Qa3 a5 24. Bb1 Nec6 25. Qb2 Nxe5 26. dxe5 Bd7 27. Qd4 Qxd4 28.
Nxd4 Rd8 29. Rxa5 Bc8 30. Ra8 Kf7 31. Nf3 Nc6 32. h3 Nxe5 33. Nxe5+ Bxe5 34.
Rxc8 {Black resigns} 1-0

[Event "Team 45 45 League T53"]
[Site "Internet Chess Club"]
[Date "2012.05.17"]
[Round "1"]
[White "Skeptic1972"]
[Black "tightfist"]
[Result "1-0"]
[WhiteElo "1600"]
[BlackElo "1478"]
[Opening "Robatsch defense: two knights variation"]
[ECO "B07"]
[Time "14:14:38"]
[TimeControl "2700+45"]

1. e4 d6 2. d4 g6 3. Nc3 Bg7 4. Nf3 Nc6 5. h3 Bd7 6. Be3 e5 7. d5 Nce7 8. Bc4
Nf6 9. O-O O-O 10. Qd2 c6 11. dxc6 Bxc6 12. Ng5 Qd7 13. Nxf7 Rxf7 14. Bxf7+ Kxf7
15. f3 b6 16. Rfd1 Rd8 17. a4 d5 18. exd5 Nexd5 19. Nxd5 Nxd5 20. Bg5 Bf6 21.
Bxf6 Nxf6 22. Qxd7+ Rxd7 23. Rxd7+ Bxd7 24. a5 b5 25. c3 a6 26. Rd1 Ke6 27. Kf2
Nd5 28. h4 Bc6 29. g4 h6 30. Re1 Nf4 31. Rd1 Nd5 32. Rc1 Nf4 33. Rd1 Bd5 34. Rd2
Kd6 35. b4 Ke6 36. Ke3 Ke7 37. Kf2 Bc4 38. Ke3 Nd5+ 39. Ke4 Ke6 40. Rc2 Kd6 41.
Rd2 Ke6 42. Rc2 Bb3 43. Rc1 Nf6+ 44. Ke3 Kd5 45. Rb1 Kc4 46. Rc1 Nd5+ 47. Ke4
Nxc3+ 48. Kxe5 Kxb4 49. Kf6 Ne2 50. Re1 Bc4 51. Kxg6 Kxa5 52. Kxh6 b4 53. h5 b3
54. Kg7 b2 55. Rb1 Nd4 56. Rxb2 Nxf3 57. h6 Bd3 58. Rb3 Be4 59. Rxf3 Bxf3 60. h7
Bxg4 61. h8=Q Be2 62. Qd8+ Ka4 63. Qd4+ Ka5 64. Kf6 Bb5 65. Ke5 Ba4 66. Kd6 Bb5
67. Kc5 Bf1 68. Qb4# {Black checkmated} 1-0

[Event "Team 45 45 League T53"]
[Site "Internet Chess Club"]
[Date "2012.05.21"]
[Round "1"]
[White "vigneshv"]
[Black "Kingpatzer"]
[Result "1/2-1/2"]
[WhiteElo "1517"]
[BlackElo "1278"]
[Opening "King's Indian: orthodox, Aronin-Taimanov, bayonet attack"]
[ECO "E97"]
[Time "19:52:09"]
[TimeControl "2700+45"]

1. d4 Nf6 2. c4 g6 3. Nc3 Bg7 4. Nf3 O-O 5. e4 d6 6. Be2 e5 7. O-O Nc6 8. d5 Ne7
9. b4 Nh5 10. Re1 f5 11. Ng5 Nf6 12. Bf3 c6 13. Be3 h6 14. Ne6 Bxe6 15. dxe6
fxe4 16. Nxe4 Nxe4 17. Bxe4 d5 18. cxd5 cxd5 19. Bc5 dxe4 20. Qxd8 Rfxd8 21.
Bxe7 Re8 22. Bc5 b6 23. Be3 Rxe6 24. Rac1 Re7 25. Rc4 Bf8 26. Rxe4 Ree8 27. b5
Rac8 28. g3 Rc2 29. a4 Bc5 30. Bxc5 Rxc5 31. f4 Kf7 32. fxe5 Re7 33. Rf1+ Kg7
34. e6 g5 35. Rd1 Kf6 36. Rf1+ Kg7 37. Kg2 Rc2+ 38. Kg1 Rc5 39. Rd1 Kf6 40. Rd7
Rc1+ 41. Kg2 Rc2+ 42. Kh3 h5 43. g4 Rxe6 44. Rxe6+ Kxe6 45. Rxa7 Rc3+ 46. Kg2
hxg4 47. Ra6 Kf5 48. Rxb6 Rc2+ 49. Kf1 Rc1+ 50. Ke2 Rc2+ 51. Ke1 Rxh2 52. Kf1 g3
53. Kg1 Ra2 54. Ra6 Kf4 55. Rf6+ Kg4 56. Ra6 Ra1+ 57. Kg2 Ra2+ 58. Kf1 Ra1+ 59.
Kg2 Ra2+ 60. Kg1 Ra1+ 61. Kg2 Ra2+ {Game drawn by repetition} 1/2-1/2

[Event "Team 45 45 League T53"]
[Site "Internet Chess Club"]
[Date "2012.05.20"]
[Round "1"]
[White "steadman"]
[Black "chiiwen"]
[Result "1/2-1/2"]
[WhiteElo "2195"]
[BlackElo "2178"]
[Opening "QGD Slav: 3.Nf3"]
[ECO "D11"]
[Time "18:01:14"]
[TimeControl "2700+45"]

1. d4 d5 2. c4 c6 3. Nf3 Nf6 4. Qb3 dxc4 5. Qxc4 Bf5 6. g3 e6 7. Bg2 Be7 8. O-O
O-O 9. e3 Nbd7 10. Qe2 c5 11. Rd1 Qc7 12. Nc3 Ne4 13. Nd2 Nxc3 14. bxc3 cxd4 15.
cxd4 Bc2 16. Re1 Qc3 17. Nb3 Bd3 18. Bb2 Bxe2 19. Bxc3 Ba6 20. Bb2 Rac8 21. Rec1
b6 22. Bc6 Nb8 23. Bf3 {Game drawn by mutual agreement} 1/2-1/2

[Event "Team 45 45 League T53"]
[Site "Internet Chess Club"]
[Date "2012.05.20"]
[Round "1"]
[White "pmcglothin"]
[Black "Reeza"]
[Result "0-1"]
[WhiteElo "1912"]
[BlackElo "1940"]
[Opening "Sicilian: closed"]
[ECO "B23"]
[Time "10:00:38"]
[TimeControl "2700+45"]

1. e4 c5 2. Nc3 e6 3. g3 Nc6 4. Bg2 Nf6 5. Nge2 Be7 6. O-O O-O 7. d3 Rb8 8. a4
Qb6 9. h3 d6 10. Kh2 Bd7 11. Be3 Nd4 12. Rb1 e5 13. f4 h5 14. f5 d5 15. Bg5 dxe4
16. Bxf6 Bxf6 17. Nd5 Qd8 18. dxe4 h4 19. g4 Bxa4 20. b3 Bb5 21. c4 Bc6 22. Nec3
Bg5 23. Ra1 a5 24. Ra2 b5 25. Rff2 a4 26. bxa4 b4 27. Nb5 Ra8 28. Bf1 f6 29. Kh1
Rf7 30. Bd3 Rd7 31. Kg2 Ra5 32. Bc2 Rxd5 33. cxd5 Bxb5 34. Bb3 Ba6 35. Qe1 Nxb3
36. Qd1 c4 37. Kh1 Nd4 38. Rg2 c3 {White resigns} 0-1

[Event "Team 45 45 League T53"]
[Site "Internet Chess Club"]
[Date "2012.05.17"]
[Round "1"]
[White "Kueh"]
[Black "Bonneville"]
[Result "1-0"]
[WhiteElo "1980"]
[BlackElo "1922"]
[Opening "Petrov's defense"]
[ECO "C42"]
[Time "14:02:59"]
[TimeControl "2700+45"]

1. e4 e5 2. Nf3 Nf6 3. Nxe5 d6 4. Nf3 Nxe4 5. c3 Nc6 6. d4 Qe7 7. Be3 Bf5 8. Qa4
Bd7 9. d5 Nc5 10. Qc2 Ne5 11. Be2 O-O-O 12. Nbd2 Ng4 13. Nf1 Nxe3 14. Nxe3 g6
15. O-O Bh6 16. Nc4 Bf5 17. Qd1 Rhe8 18. Re1 Bg7 19. Nd4 Bd7 20. a4 Qf6 21. a5
Kb8 22. a6 Nxa6 23. Rxa6 bxa6 24. Na5 Ka8 25. Ndc6 Rc8 26. Qd3 Bxc6 27. Nxc6
Rxe2 28. Qxe2 {Black resigns} 1-0

[Event "Team 45 45 League T53"]
[Site "Internet Chess Club"]
[Date "2012.05.19"]
[Round "1"]
[White "kerabanaga"]
[Black "CaoCao"]
[Result "1/2-1/2"]
[WhiteElo "1880"]
[BlackElo "1865"]
[Opening "Benoni: fianchetto variation"]
[ECO "A63"]
[Time "13:08:51"]
[TimeControl "2700+45"]

1. d4 Nf6 2. c4 c5 3. d5 e6 4. Nc3 exd5 5. cxd5 d6 6. Nf3 g6 7. g3 Bg7 8. Bg2
O-O 9. O-O a6 10. a4 Nbd7 11. Bf4 Ne8 12. a5 Ne5 13. Nxe5 Bxe5 14. Bxe5 dxe5 15.
Ne4 Nd6 16. Nxc5 b6 17. Nb3 Rb8 18. Qc2 Bb7 19. Rac1 Rc8 20. Qd3 bxa5 21. Nc5 f5
22. Ne6 Rxc1 23. Nxd8 Rxf1+ 24. Bxf1 Rxd8 25. Qc3 Nf7 26. Qxa5 Bxd5 27. e3 Bf3
28. Qxa6 Rd1 29. Qc4 Kg7 30. h3 Ng5 31. Kh2 Ne4 32. Bg2 Nd2 33. Qc7+ Kf6 34.
Bxf3 Nxf3+ 35. Kg2 e4 36. h4 Rg1+ 37. Kh3 Rh1+ 38. Kg2 Rg1+ 39. Kh3 Rh1+ 40. Kg2
{Game drawn by mutual agreement} 1/2-1/2

[Event "Team 45 45 League T53"]
[Site "Internet Chess Club"]
[Date "2012.05.18"]
[Round "1"]
[White "AntMantis"]
[Black "CamNewton"]
[Result "0-1"]
[WhiteElo "2077"]
[BlackElo "2181"]
[Opening "Queen's pawn: Yusupov-Rubinstein system"]
[ECO "A46"]
[Time "12:09:56"]
[TimeControl "2700+45"]

1. d4 Nf6 2. Nf3 e6 3. e3 b6 4. Bd3 Bb7 5. O-O c5 6. b3 h6 7. Bb2 d5 8. Nbd2
cxd4 9. exd4 Bd6 10. Qe2 O-O 11. Ne5 Nc6 12. a3 Rc8 13. f4 Re8 14. g4 Nd7 15.
Ndf3 Nf8 16. Nxc6 Rxc6 17. Bb5 f6 18. Bxc6 Bxc6 19. Nh4 Qc7 20. Ng2 Ng6 21. Qd2
Qd7 22. a4 e5 23. fxe5 fxe5 24. Ne3 exd4 25. Nf5 d3 26. cxd3 d4 27. Bxd4 Ne5 28.
Bxe5 Bxe5 29. Rac1 Bd4+ 30. Nxd4 Qxg4+ 31. Kf2 Qg2# {White checkmated} 0-1

[Event "Team 45 45 League T53"]
[Site "Internet Chess Club"]
[Date "2012.05.16"]
[Round "1"]
[White "jorobo"]
[Black "BirchRun"]
[Result "1-0"]
[WhiteElo "1992"]
[BlackElo "1478"]
[Opening "King's Indian: orthodox, Aronin-Taimanov, 9.Ne1"]
[ECO "E98"]
[Time "20:00:25"]
[TimeControl "2700+45"]

1. c4 Nf6 2. Nc3 g6 3. d4 Bg7 4. e4 d6 5. Be2 O-O 6. Nf3 e5 7. O-O Nc6 8. d5 Ne7
9. Ne1 Nd7 10. Nd3 f5 11. Bd2 f4 12. Bg4 Nf6 13. Bxc8 Qxc8 14. f3 g5 15. c5 g4
16. cxd6 cxd6 17. Rc1 gxf3 18. gxf3 Qh3 19. Nb5 Ne8 20. Bb4 Rf6 21. Rf2 Ng6 22.
Nc7 Nh4 23. Qf1 Qd7 24. Nxa8 Rh6 25. Rfc2 Bf8 26. Nc7 Nf6 27. Ne6 Nh5 28. Nxe5
dxe5 29. Bxf8 Rg6+ 30. Kh1 Ng3+ 31. hxg3 fxg3 32. Qh3 g2+ 33. Kg1 Qf7 34. Qxh4
Qxf3 35. Bh6 {Black resigns} 1-0

[Event "Team 45 45 League T53"]
[Site "Internet Chess Club"]
[Date "2012.05.21"]
[Round "1"]
[White "Nimbus"]
[Black "azbycx"]
[Result "1/2-1/2"]
[WhiteElo "1786"]
[BlackElo "1870"]
[Opening "English opening"]
[ECO "A05"]
[Time "23:00:22"]
[TimeControl "2700+45"]

1. Nf3 Nf6 2. c4 g6 3. b3 Bg7 4. Bb2 O-O 5. g3 d5 6. Bg2 dxc4 7. bxc4 c5 8. O-O
Nc6 9. d3 Qc7 10. Nc3 Rd8 11. Rb1 a6 12. Na4 b6 13. Nxb6 Rb8 14. Bxf6 Bxf6 15.
Nd5 Qd6 16. Rxb8 Nxb8 17. Nxf6+ Qxf6 18. Qb3 Qd6 19. Rb1 Nd7 20. Ng5 Qe5 21. Nf3
Qd6 22. Ng5 Qe5 23. Nf3 Qd6 {Game drawn by repetition} 1/2-1/2

[Event "Team 45 45 League T53"]
[Site "Internet Chess Club"]
[Date "2012.05.20"]
[Round "1"]
[White "kabindra"]
[Black "DreamCatcher13"]
[Result "1-0"]
[WhiteElo "1817"]
[BlackElo "1886"]
[Opening "Giuoco Piano"]
[ECO "C50"]
[Time "16:20:38"]
[TimeControl "2700+45"]

1. e4 e5 2. Nf3 Nc6 3. Bc4 Bc5 4. Qe2 Nf6 5. Bxf7+ Kxf7 6. Qc4+ d5 7. Qxc5 Nxe4
8. Qe3 Re8 9. d3 Nd4 10. Na3 Nf5 11. Qe2 Nd4 12. Qd1 Bg4 13. O-O Qf6 14. Nxe5+
Rxe5 15. Qxg4 h5 16. Qd7+ Kg8 17. dxe4 Rd8 18. Qh3 Rxe4 19. Qxh5 Re5 20. Qh3 Qg6
21. Be3 Rh5 22. Qxh5 Qxh5 23. Bxd4 Rd6 24. Rae1 Rg6 25. Be5 Qh3 26. Bg3 Qd7 27.
c3 c5 28. Rd1 b5 29. Nc2 a5 30. a3 Rg5 31. Ne1 Qg4 32. Nf3 Rf5 33. Ne5 Qe2 34.
Rxd5 Qxb2 35. Nd3 Qxc3 36. Rxf5 Qxd3 37. Rxc5 b4 38. axb4 axb4 39. Rc8+ Kh7 40.
Rb8 b3 41. h3 Qc2 42. Be5 g5 43. f4 gxf4 44. Bxf4 b2 45. Kh2 Qd3 46. Re1 Qa3 47.
Rb7+ Kg6 48. Rb1 {Black resigns} 1-0

[Event "Team 45 45 League T53"]
[Site "Internet Chess Club"]
[Date "2012.05.19"]
[Round "1"]
[White "ShadowChaos7"]
[Black "John3v16"]
[Result "0-1"]
[WhiteElo "1629"]
[BlackElo "1673"]
[Opening "Sicilian: Grand Prix attack"]
[ECO "B23"]
[Time "01:02:20"]
[TimeControl "2700+45"]

1. e4 c5 2. Nc3 Nc6 3. f4 g6 4. Nf3 Bg7 5. Bb5 Nd4 6. Bd3 a6 7. Nxd4 cxd4 8. Ne2
b5 9. c3 dxc3 10. dxc3 Qb6 11. Qb3 Bb7 12. a4 Nf6 13. Qb4 d6 14. axb5 a5 15. Qa4
Ng4 16. Nd4 e5 17. h3 exd4 18. c4 Ne3 19. b4 axb4 20. Qxa8+ Bxa8 21. Rxa8+ Kd7
22. Ra6 Qb7 23. Bd2 Ra8 24. Rxa8 Qxa8 25. Ke2 Qa2 26. Rc1 Nxg2 27. Rc2 Qa7 28.
Kf2 Ne3 29. Rc1 Qa2 30. Ke2 Bh6 31. e5 Bxf4 32. exd6 Nxc4 33. Rc2 Qa8 34. Bxc4
Qe4+ 35. Kd1 d3 36. Ra2 Qxc4 37. Ra7+ Kxd6 38. Ra6+ Kd5 39. Rc6 Qb3+ 40. Kc1
Qa3+ 41. Kd1 Qa1+ 42. Bc1 d2 {White resigns} 0-1

[Event "Team 45 45 League T53"]
[Site "Internet Chess Club"]
[Date "2012.05.19"]
[Round "1"]
[White "subterfuge"]
[Black "mongmong"]
[Result "1-0"]
[WhiteElo "1716"]
[BlackElo "1649"]
[Opening "Nimzo-Indian: Kmoch variation"]
[ECO "E20"]
[Time "20:04:47"]
[TimeControl "2700+45"]

1. d4 e6 2. c4 Nf6 3. Nc3 Bb4 4. f3 d5 5. a3 Bxc3+ 6. bxc3 c6 7. Bg5 h6 8. Bh4
b6 9. Qc2 Ba6 10. e4 dxe4 11. fxe4 g5 12. Bf2 Ng4 13. Bd3 Qf6 14. Nh3 Nxf2 15.
Nxf2 Nd7 16. e5 Qe7 17. Ne4 O-O-O 18. Qa4 Nb8 19. O-O Rhf8 20. Rab1 Kb7 21. Nc5+
{Black resigns} 1-0

[Event "Team 45 45 League T53"]
[Site "Internet Chess Club"]
[Date "2012.05.19"]
[Round "1"]
[White "bobhill"]
[Black "Tamarin"]
[Result "1-0"]
[WhiteElo "1956"]
[BlackElo "1882"]
[Opening "Queen's bishop game"]
[ECO "D02"]
[Time "23:01:50"]
[TimeControl "2700+45"]

1. d4 d5 2. Nf3 Nf6 3. Bf4 c5 4. e3 Nc6 5. c3 Qb6 6. Qb3 c4 7. Qxb6 axb6 8. Na3
Na7 9. Be2 Bf5 10. Ne5 e6 11. Nb1 Nc6 12. Nd2 b5 13. O-O b4 14. g4 Bg6 15. Nxg6
hxg6 16. e4 b5 17. exd5 Nxd5 18. Bf3 Kd7 19. Bxd5 exd5 20. Nf3 Rh4 21. Nxh4
{Black resigns} 1-0

[Event "Team 45 45 League T53"]
[Site "Internet Chess Club"]
[Date "2012.05.21"]
[Round "1"]
[White "az2112"]
[Black "Skwerly"]
[Result "1-0"]
[WhiteElo "1690"]
[BlackElo "1865"]
[Opening "Réti opening"]
[ECO "A05"]
[Time "22:00:20"]
[TimeControl "2700+45"]

1. Nf3 Nf6 2. g3 d5 3. d4 Bf5 4. Bg2 e6 5. O-O c5 6. c3 Be7 7. Nbd2 Nc6 8. dxc5
Bxc5 9. Nb3 Bb6 10. Nbd4 Bg6 11. Nxc6 bxc6 12. Ne5 Qc8 13. Nxg6 hxg6 14. Bf4 Qd7
15. c4 Nh5 16. Be5 f6 17. Bc3 Rd8 18. Qa4 Qc7 19. cxd5 exd5 20. Rad1 Kf7 21. e3
f5 22. Rd3 Rde8 23. Rfd1 Nf6 24. Bxf6 Kxf6 25. Rc3 c5 26. Rxd5 g5 27. Rd7 Qb8
28. Bd5 g4 29. Qc6+ Ke5 30. Bc4 {Black resigns} 1-0

[Event "Team 45 45 League T53"]
[Site "Internet Chess Club"]
[Date "2012.05.21"]
[Round "1"]
[White "KoalieAwe"]
[Black "Schack"]
[Result "1/2-1/2"]
[WhiteElo "1805"]
[BlackElo "1692"]
[Opening "Queen's gambit declined"]
[ECO "D30"]
[Time "20:08:40"]
[TimeControl "2700+45"]

1. d4 d5 2. c4 e6 3. Nf3 c5 4. e3 Nc6 5. Nc3 Nf6 6. Be2 a6 7. O-O dxc4 8. Bxc4
b5 9. Bb3 c4 10. Bc2 Bb4 11. a3 Ba5 12. Bd2 O-O 13. b3 cxb3 14. Bxb3 Bb7 15. Bc2
Rc8 16. Ne4 Nxe4 17. Bxe4 Bxd2 18. Qxd2 f5 19. Bc2 Na5 20. Ne5 Qd5 21. f3 Nb3
22. Bxb3 Qxb3 23. Nd7 Rfd8 24. Ne5 Rc2 25. Qe1 Qb2 26. Qg3 Rdc8 27. Nd7 Rc1 28.
Raxc1 Rxc1 29. Qb8+ Bc8 30. Nb6 Qd2 31. Rxc1 Qxe3+ 32. Kf1 Qxc1+ 33. Ke2 Qc2+
34. Ke3 Qc1+ 35. Kf2 Qd2+ 36. Kg3 Qg5+ 37. Kf2 Qd2+ 38. Kg3 {Game drawn by
mutual agreement} 1/2-1/2

[Event "Team 45 45 League T53"]
[Site "Internet Chess Club"]
[Date "2012.05.21"]
[Round "1"]
[White "clarinetref"]
[Black "ice-cream"]
[Result "0-1"]
[WhiteElo "1648"]
[BlackElo "1729"]
[Opening "Sicilian"]
[ECO "B56"]
[Time "22:07:41"]
[TimeControl "2700+45"]

1. e4 c5 2. Nf3 Nc6 3. d4 cxd4 4. Nxd4 Nf6 5. Nc3 d6 6. f3 e5 7. Nb3 Be7 8. Be3
O-O 9. Qd2 a5 10. a4 Be6 11. Nd5 Bxd5 12. exd5 Nb4 13. Bc4 Rc8 14. c3 Rxc4 15.
cxb4 Rxb4 16. Qc3 Nxd5 17. Qd3 Nxe3 18. Qxe3 d5 19. Nd2 Bg5 20. Qd3 Rxb2 21. Nb3
Qb6 22. Rb1 Rxb1+ 23. Qxb1 Rc8 24. Qd3 Qb4+ 25. Kf2 Rc3 26. Qf5 Be3+ 27. Kg3
Bf4+ 28. Kf2 Qb6+ 29. Ke2 Qe3+ {White resigns} 0-1

[Event "Team 45 45 League T53"]
[Site "Internet Chess Club"]
[Date "2012.05.21"]
[Round "1"]
[White "bmw2002"]
[Black "DouDou"]
[Result "1-0"]
[WhiteElo "1613"]
[BlackElo "1534"]
[Opening "English opening"]
[ECO "A20"]
[Time "22:04:41"]
[TimeControl "2700+45"]

1. c4 e5 2. g3 Bc5 3. Bg2 Nf6 4. Nc3 O-O 5. Nf3 d6 6. O-O Bf5 7. e3 Nc6 8. Nh4
Bd3 9. Re1 Qd7 10. Qb3 b6 11. Nd5 Nxd5 12. cxd5 Nb4 13. a3 Nc2 14. Qxd3 Nxe1 15.
Qe2 Nxg2 16. Nxg2 c6 17. dxc6 Qxc6 18. b4 Bxb4 19. axb4 Qc2 20. Ne1 Qb3 21. Qd3
Qxb4 22. Ba3 Qa5 23. Nc2 Rfe8 24. Bb4 e4 25. Qc4 Rac8 26. Qxc8 Qxa1+ 27. Nxa1
Rxc8 28. Nb3 d5 29. Nd4 Rc4 30. Bc3 a5 31. Kf1 a4 32. Nc2 b5 33. Na3 Rc8 34.
Nxb5 Rb8 35. Na3 Rb3 36. Nc2 a3 37. Ke2 a2 38. Na1 Rb1 39. d4 Rc1 40. Kd2 Rb1
41. Ke2 Rh1 42. h4 Kf8 43. Nc2 Ke7 44. Be1 Kd6 45. Kd2 Kc6 46. Nb4+ Kb5 47. Nxa2
f5 48. Nc3+ Kc6 49. Ne2 h6 50. Nf4 g5 51. Ng6 Kb5 52. hxg5 hxg5 53. Ne7 Kc4 54.
Nxf5 Rh8 55. Nd6+ Kb3 56. Ke2 Rd8 57. Nf7 Rg8 58. Ba5 Rg7 59. Ne5 Ra7 60. Bd8
Rg7 61. Kf1 Rg8 62. Be7 Rg7 63. Bf6 Rg8 64. g4 Kb4 65. Kg2 Kb5 66. Kg3 Kb6 67.
f3 Kc7 68. fxe4 dxe4 69. Nc4 Kd7 70. Nd2 Ke6 71. Be5 Kd5 72. Nb3 Kc4 73. Nc5 Kd5
74. Nd7 Ke6 75. Nf6 Rg6 76. Nxe4 Kd5 77. Nf6+ Ke6 78. Nh7 Kf7 79. e4 Kg8 80.
Nf6+ Kf7 81. Nd7 Ke6 82. Nf8+ {Black resigns} 1-0

[Event "Team 45 45 League T53"]
[Site "Internet Chess Club"]
[Date "2012.05.22"]
[Round "1"]
[White "hi12980"]
[Black "bookseller"]
[Result "0-1"]
[WhiteElo "1582"]
[BlackElo "1645"]
[Opening "Ruy Lopez: classical (Cordel) defense"]
[ECO "C64"]
[Time "17:12:06"]
[TimeControl "2700+45"]

1. e4 e5 2. Nf3 Nc6 3. Bb5 Bc5 4. O-O Nd4 5. Nxe5 Nxb5 6. c4 Nd4 7. Qg4 Ne6 8.
d3 Nf6 9. Qg3 O-O 10. Nf3 d6 11. Nc3 Nh5 12. Qg4 Nef4 13. Qg5 f6 {White resigns}
0-1

[Event "Team 45 45 League T53"]
[Site "Internet Chess Club"]
[Date "2012.05.20"]
[Round "1"]
[White "Ostap-Bender"]
[Black "browndeer"]
[Result "0-1"]
[WhiteElo "1396"]
[BlackElo "1441"]
[Opening "Grünfeld: 4.Bf4"]
[ECO "D82"]
[Time "23:03:40"]
[TimeControl "2700+45"]

1. d4 Nf6 2. c4 g6 3. Nc3 d5 4. Bf4 c6 5. Nf3 Bg7 6. e3 O-O 7. Be2 Bf5 8. Qb3
Qd7 9. O-O Na6 10. Rac1 Rac8 11. Rfd1 Rfd8 12. Bd3 Bxd3 13. Rxd3 dxc4 14. Qxc4
Nh5 15. Ne5 Qe8 16. Ne2 Nc7 17. Qb3 Nxf4 18. Nxf4 Bxe5 19. dxe5 b6 20. Rcd1 g5
21. Rxd8 Rxd8 22. Rxd8 Qxd8 23. Qd3 Qxd3 24. Nxd3 c5 25. b3 Nd5 26. Kf1 Nc3 27.
a4 c4 28. bxc4 Nxa4 29. Ke1 Nc5 30. Nb4 e6 31. Nc6 a5 32. Nd4 Nd3+ 33. Ke2 Nxe5
34. Nb5 Nxc4 35. Kd3 Ne5+ 36. Ke2 Kf8 37. h3 Ke7 38. Kd2 Kd7 39. Kc3 Kc6 40.
Nd4+ Kc5 41. Nb3+ Kd5 42. Nd4 Nc6 43. Nb5 Kc5 44. Na3 b5 45. Nc2 a4 46. Kb2 b4
47. Kb1 b3 48. Na3 Kb4 49. Kb2 Ne5 50. Nb1 Nd3+ 51. Ka1 a3 52. Nd2 b2+ 53. Ka2
Ne5 54. Nb1 Nc4 55. f4 gxf4 56. exf4 f5 57. g4 Ne3 58. Nxa3 fxg4 59. hxg4 Nxg4
60. Kxb2 h5 61. Nc2+ Kc4 62. Ne1 Ne3 63. Kc1 h4 64. Nf3 h3 65. Kd2 Nf1+ 66. Ke2
h2 67. Nxh2 Nxh2 68. Ke3 Kd5 69. Kd3 Ng4 70. Ke2 Ke4 {White resigns} 0-1

[Event "Team 45 45 League T53"]
[Site "Internet Chess Club"]
[Date "2012.05.21"]
[Round "1"]
[White "almond123"]
[Black "AlPearson"]
[Result "1-0"]
[WhiteElo "1448"]
[BlackElo "1247"]
[Opening "Caro-Kann: classical variation"]
[ECO "B18"]
[Time "21:05:26"]
[TimeControl "2700+45"]

1. e4 c6 2. d4 d5 3. Nc3 dxe4 4. Nxe4 Bf5 5. Nc3 e6 6. Nf3 Nf6 7. Be2 Nbd7 8.
Be3 Bd6 9. O-O O-O 10. Qd2 Qc7 11. Rfe1 Rad8 12. Rad1 Ne4 13. Nxe4 Bxe4 14. h3
Nf6 15. c4 Rd7 16. c5 Bxc5 17. Bf4 Bd6 18. Bxd6 Rxd6 19. Qc3 Rfd8 20. a3 Qb6 21.
a4 Nd5 22. Qc4 Bxf3 23. Bxf3 Nf6 24. Qc3 Rxd4 25. a5 Rxd1 26. axb6 R1d6 27. bxa7
Ra8 28. Qc5 Rd2 29. Qb6 g6 30. Qxb7 Rd7 31. Qxa8+ Kg7 32. Rd1 Rc7 33. Qb8 Re7
34. a8=Q c5 35. Qf8# {Black checkmated} 1-0

[Event "Team 45 45 League T53"]
[Site "Internet Chess Club"]
[Date "2012.05.18"]
[Round "1"]
[White "Lee-D"]
[Black "rookmaster23"]
[Result "0-1"]
[WhiteElo "1322"]
[BlackElo "1587"]
[Opening "King's Indian defense, 3.Nc3"]
[ECO "E61"]
[Time "20:00:23"]
[TimeControl "2700+45"]

1. d4 Nf6 2. c4 g6 3. Nc3 Bg7 4. Bf4 d6 5. e4 O-O 6. Nf3 Nbd7 7. Be2 e5 8. dxe5
dxe5 9. Nxe5 Nxe5 10. Bxe5 Qe7 11. Bxf6 Bxf6 12. Nd5 Qe5 13. Nxf6+ Qxf6 14. Qc2
b6 15. Bf3 Bb7 16. e5 Qxe5+ 17. Kf1 Bxf3 18. gxf3 Qh5 19. Qc3 Rfe8 20. Re1 Qh3+
21. Kg1 Rxe1+ 22. Qxe1 Qxf3 23. h3 Rd8 24. Kh2 Qf4+ 25. Kg2 Qxc4 26. b3 Qc6+ 27.
Kh2 Rd5 28. Rg1 Qd6+ 29. Rg3 Re5 30. Qg1 Rg5 31. Qe1 Rxg3 32. fxg3 Qc6 33. Qd1
Qd6 34. Qe2 Qe6 35. Qd2 c5 36. Kg2 Qc6+ 37. Kh2 Kg7 38. Qc3+ Qf6 39. Qc2 Qd4 40.
Qe2 h5 41. h4 Kh6 42. Qc2 g5 43. Qc1 Qf2+ 44. Kh3 Qf5+ 45. Kg2 Kg6 46. hxg5 Qxg5
47. Qc2+ Qf5 48. Qd2 Qe4+ 49. Kh2 h4 50. Qd6+ Kg7 51. Qf4 Qxf4 52. gxf4 Kf6 53.
Kh3 Kf5 54. Kxh4 Kxf4 55. Kh3 f5 56. Kg2 Ke3 57. a3 f4 58. Kf1 Kf3 {White
resigns} 0-1

[Event "Team 45 45 League T53"]
[Site "Internet Chess Club"]
[Date "2012.05.17"]
[Round "1"]
[White "smsxman"]
[Black "milesotoole"]
[Result "1-0"]
[WhiteElo "1512"]
[BlackElo "1507"]
[Opening "Sicilian"]
[ECO "B50"]
[Time "21:31:36"]
[TimeControl "2700+45"]

1. e4 c5 2. Nf3 d6 3. Nc3 a6 4. Be2 g6 5. b3 Bg7 6. Bb2 Nc6 7. Rb1 Nf6 8. O-O
O-O 9. Re1 b5 10. d4 cxd4 11. Nxd4 Nxd4 12. Qxd4 Bb7 13. Bf3 Ng4 14. Qd1 Ne5 15.
Be2 Qb6 16. a4 b4 17. Nd5 Bxd5 18. Qxd5 Rac8 19. Bd4 Nf3+ 20. Bxf3 Bxd4 21. Re2
h6 22. a5 Qa7 23. Rd1 Bg7 24. Qd2 Rc5 25. Qxb4 Bc3 26. Qb6 Qxb6 27. axb6 Rb8 28.
b7 Be5 29. Bg4 f6 30. Bc8 {Black resigns} 1-0